 Seeded DCSS version 0.27-a0-1228-gfd60fd639a (webtiles) character file.

Game seed: 49 (custom seed)

354 Snicker the Chopper (level 6, -4/51 HPs)
             Began as a Minotaur Gladiator on June 8, 2021.
             Was an Initiate of Qazlal.
             Slain by Grinder (5 damage)
             ... on level 4 of the Dungeon.
             The game lasted 00:06:19 (3420 turns).

Snicker the Chopper (Minotaur Gladiator)            Turns: 3420, Time: 00:06:19

Health: -4/51      AC:  6    Str: 19    XL:     6   Next: 35%
Magic:  5/5        EV: 12    Int: 13    God:    Qazlal [......]
Gold:   130        SH:  0    Dex: 12    Spells: 5/5 levels left

rFire    . . .     SeeInvis .   a - +2 executioner's axe of Carved Indomitability {elec, rPois rCorr Int+7}
rCold    . . .     Faith    .   (shield currently unavailable)
rNeg     . . .     Spirit   .   k - +0 ring mail
rPois    +         Reflect  .   c - +0 hat
rElec    .         Harm     .   (no cloak)
rCorr    +         Rampage  .   (no gloves)
Will     .....                  o - +0 pair of boots
Stlth    +.........             (no amulet)
HPRegen  0.17/turn              (no ring)
MPRegen  0.09/turn              (no ring)

@: no status effects
A: horns 2, retaliatory headbutt
a: Renounce Religion


You were on level 4 of the Dungeon.
You worshipped Qazlal.
Qazlal was noncommittal.
You visited 1 branch of the dungeon, and saw 4 of its levels.

You collected 130 gold pieces.

Inventory:

Hand Weapons
 a - the +2 executioner's axe of Carved Indomitability (weapon) {elec, rPois rCorr Int+7}
   (You acquired it on level 1 of the Dungeon)

   Occasionally, upon striking a foe, it can discharge electrical energy and
   cause terrible harm.
   It affects your intelligence (+7).
   It protects you from poison.
   It protects you from acid and corrosion.
 e - a +0 war axe
Missiles
 d - 3 throwing nets (quivered)
Armour
 b - a +0 leather armour
 c - a +0 hat (worn)
 k - a +0 ring mail (worn)
 o - a +0 pair of boots (worn)
Wands
 m - a wand of iceblast (10)
Scrolls
 f - 2 scrolls of enchant armour {unknown}
 g - 5 scrolls of identify {unknown}
 i - 2 scrolls of teleportation {unknown}
 n - a scroll of vulnerability {unknown}
 p - 2 scrolls of magic mapping {unknown}
Potions
 h - a potion of brilliance {unknown}
 j - 2 potions of curing
 l - a potion of attraction {unknown}


   Skills:
 + Level 3.0 Fighting
 * Level 7.5 Axes
 + Level 2.2 Throwing
 + Level 2.1 Armour
 + Level 4.0 Dodging


You had 5 spell levels left.
You didn't know any spells.
Your spell library was empty.

Dungeon Overview and Level Annotations

Branches:
Dungeon (4/15)
 Temple: D:4-7

Altars:
Makhleb
Qazlal

Annotations:
D:4 Grinder


Innate Abilities, Weirdness & Mutations

You have a pair of horns on your head.
You reflexively headbutt those who attack you in melee.


Message History

You headbutt the hobgoblin!
You kill the hobgoblin!
Qazlal accepts your kill.
You now have 130 gold pieces (gained 16).
You open the door.
There is an open door here.
A centaur comes into view.
The centaur shouts!
You hear a shout!
The centaur wields a +0 shortbow.
The centaur shoots an arrow.
The arrow barely misses you.
Grinder comes into view.
There are monsters nearby!
Unknown command.
There is an open door here.
The centaur shoots an arrow.
The arrow misses you.
Grinder opens the door.
You hear the brisk hiss of an avalanche of sand very nearby.
Grinder hits you.
You writhe in agony.
The centaur shoots an arrow.
The arrow hits you!
Found 9 gold pieces.
There is an open door, spattered with blood here.
You hit Grinder. Lightning courses through Grinder!
Grinder is moderately wounded.
Grinder hits you.
The centaur shoots an arrow.
The arrow hits you! Grinder hits you.
It was a potion of curing.
You feel better.
The centaur shoots an arrow.
The arrow closely misses you.
The arrow hits Grinder.
Grinder barely misses you. You furiously retaliate!
You headbutt Grinder!
The centaur shoots an arrow.
The arrow closely misses you.
The arrow closely misses Grinder.
Unknown command.
You slash Grinder!
Grinder is almost dead.
The centaur shoots an arrow.
The arrow hits you! Grinder gestures at you. Pain shoots through your body!
* * * LOW HITPOINT WARNING * * *
The centaur shoots an arrow.
The arrow hits you!
* * * LOW HITPOINT WARNING * * *
Grinder hits you.
You die...

###'###.#.# #...#
..........# #...#
.......#..# #...#
...†...#..#
#...########
.......#..#
#...........
.......##.###....######
.......##..##..c.#
###+######.###'#.#
#..##.#@###
#..##...5......
##..#.........$
#..#......####
#####.#....+##
#..).......#
#.###...#### #.# #...#
####.####).#


You could see Grinder and a centaur.

Vanquished Creatures
  2 water moccasin skeletons
  A jelly (D:4)
  A howler monkey (D:4)
  An orc priest (D:3)
  An iguana (D:4)
  Terence (D:2)
  A howler monkey skeleton (D:4)
  2 adders (D:2)
  3 worms
  5 orcs
  3 ball pythons
  9 bats
  6 endoplasms
  2 giant cockroaches
  6 goblins
  3 hobgoblins
  5 kobolds
  4 quokkas
  6 rats
62 creatures vanquished.

Vanquished Creatures (others)
  2 demonic plants (D:2)
  A plant (D:2)
3 creatures vanquished.

Grand Total: 65 creatures vanquished

Notes
Turn   | Place    | Note
-------+----------+-------------------------------------------
     0 | D:1      | Snicker the Minotaur Gladiator began the quest for the Orb.
     0 | D:1      | Reached XP level 1. HP: 18/18 MP: 0/0
    82 | D:1      | Identified a scroll of acquirement
    82 | D:1      | Acquired the +2 executioner's axe of Carved Indomitability
                  | {elec, rPois rCorr Int+7}
   150 | D:1      | Reached XP level 2. HP: 13/25 MP: 1/1
   411 | D:1      | Reached skill level 4 in Axes
  1069 | D:2      | Reached XP level 3. HP: 28/30 MP: 2/2
  1145 | D:2      | Found a faded altar of an unknown god.
  1462 | D:2      | Reached skill level 5 in Axes
  1601 | D:2      | Noticed Terence
  1606 | D:2      | HP: 1/30 [Terence/+1 hand axe of electrocution (2)]
  1610 | D:2      | Killed Terence
  1611 | D:2      | Reached XP level 4. HP: 2/37 MP: 3/3
  2453 | D:3      | Found a stormy altar of Qazlal.
  2536 | D:3      | Reached skill level 6 in Axes
  2536 | D:3      | Reached skill level 1 in Armour
  2536 | D:3      | Reached XP level 5. HP: 35/42 MP: 4/4
  2565 | D:3      | Became a worshipper of Qazlal Stormbringer
  2954 | D:3      | Found a burning altar of Makhleb.
  3235 | D:4      | Reached skill level 7 in Axes
  3247 | D:4      | Reached XP level 6. HP: 37/51 MP: 5/5
  3410 | D:4      | Noticed Grinder
  3420 | D:4      | HP: 1/51 [centaur/arrow (10)]
  3420 | D:4      | Slain by Grinder

Illustrated notes

Levels and vault maps discovered:
D:1:      sevenhm_arrival_forest_fort_small_4, layout_loops_ring
D:2:      layout_basic, shapermc_ecumenical_altar_gd, serial_bayou_pond_e,
          uniq_terence
D:3:      layout_loops_ring, nicolae_qazlal_eye_of_the_storm,
          lightli_temple_of_fire
D:4:      layout_basic, lemuel_crystal_altar,
          nicolae_ossuary_entry_false_entrances, uniq_ijyb, uniq_grinder

Skill      XL: |  1  2  3  4  5 |
---------------+----------------+-----
Axes           | 4 5 6 7 |  7.5
Armour         | 1 2 |  2.1
Fighting       | 3 |  3.0
Dodging        | 4 |  4.0
Throwing       | |  2.2

Action                   |  1- 3 |  4- 6 || total
-------------------------+-------+-------++-------
Melee: Executioner's axe |    55 |    56 ||   111
       War axe           |     6 |       ||     6
       Headbutt          |     7 |     8 ||    15
Throw: Throwing net      |     1 |       ||     1
  Use: Scroll            |     1 |       ||     1
       Potion            |       |     1 ||     1
 Stab: Sleeping          |     1 |       ||     1
Armor: Leather armour    |    10 |       ||    10
       Ring mail         |    16 |    12 ||    28
Dodge: Dodged            |    58 |    39 ||    97

Table legend: (Time is in decaauts)
 A = Elapsed time spent in this place.
 B = Non-inter-level travel time spent in this place.
 C = Inter-level travel time spent in this place.
 D = Time resting spent in this place.
 E = Time spent auto-exploring this place.
 F = Levels seen in this place.
 G = Mean time per level.
                   A        B        C        D        E       F      G
               +--------+--------+--------+--------+--------+-----+--------+
         Total |   3508 |   3321 |    187 |    558 |   2252 |   4 |  877.0 |
       Dungeon |   3508 |   3321 |    187 |    558 |   2252 |   4 |  877.0 |
               +--------+--------+--------+--------+--------+-----+--------+

Top non-repeatable levels by time:
     D:2: 1110 daAuts
     D:1: 1088 daAuts
     D:3: 953 daAuts
     D:4: 356 daAuts
